AoeStats
← 297539664

Nomad

510275133Analyzed
4v4 RM · 2d ago on Sep 30, 2026· 39m 38s· 8 players
Game mode
Random Map
Map size
231×231
Population
200
Speed
Normal
Resources
Standard
Victory
Conquest
Starting age
Dark Age
Ending age
Imperial Age
RankedLock teamsTeams togetherTeam positionsShared explorationLock speedFull tech treeHidden civsTurbo modeCheats
Victory
Defeat
🇨🇳 Berbers · China
1406
+15
🇨🇳 Inca · China
1368
+16
🇹🇼 Saxons · Taiwan
1342
+18
🇨🇳 Franks · China
1328
+18
🇹🇼 Persians · Taiwan
1414
-18
🇮🇳 Vietnamese · India
1405
-18
🇩🇪 Malians · Germany
1353
-16
🇺🇸 Magyars · United States
1341
-15
UU
4:13 Loom
14:51 Feudal Age
16:43 Stone Mining
19:01 Castle Age
16:48 Double-Bit Axe
16:57 Gold Mining
17:39 Town Watch
17:46 Fletching
19:51 Bodkin Arrow
25:17 Scale Mail Armor
26:11 Forging
网恋被骗50块
3:45 Loom
14:54 Feudal Age
15:37 Fishing Lines
15:44 Double-Bit Axe
15:44 Horse Collar
17:30 Town Watch
18:21 Wheelbarrow
22:08 Castle Age
20:04 Gold Mining
20:05 Stone Mining
22:19 Scale Barding Armor
22:25 Forging
22:06 Fletching
22:16 Padded Archer Armor
23:26 Bow Saw
23:19 Gillnets
25:19 Gold Shaft Mining
26:02 Hand Cart
26:59 Iron Casting
26:45 Chain Barding Armor
27:03 Heavy Plow
28:05 Stone Shaft Mining
30:58 Imperial Age
29:06 Chain Barding Armor
29:21 Iron Casting
30:33 Bloodlines
30:23 Husbandry
30:12 Treadmill Crane
30:28 Murder Holes
31:28 Iron Casting
31:39 Ballistics
31:00 Cavalier
32:20 Plate Barding Armor
35:20 Blast Furnace
36:12 Kasbah
36:33 Conscription
37:11 Thumb Ring
37:24 Heavy Camel Rider
39:28 Bodkin Arrow
39:49 Leather Archer Armor
39:57 Maghrebi Camels
297539664
5:17 Loom
14:14 Feudal Age
17:46 Castle Age
16:48 Double-Bit Axe
18:48 Scale Barding Armor
19:20 Bow Saw
20:50 Chain Barding Armor
22:05 Husbandry
27:24 Gold Mining
28:25 Forging
31:24 Wheelbarrow
31:26 Gold Shaft Mining
35:45 Imperial Age
34:18 Scale Mail Armor
34:53 Iron Casting
35:49 Cavalier
37:06 Plate Barding Armor
37:31 Blast Furnace
36:47 Chain Mail Armor
37:03 Chivalry
37:25 Hand Cart
38:07 Paladin
kevin980034
8:54 Loom
13:14 Feudal Age
17:10 Castle Age
14:55 Town Watch
15:06 Double-Bit Axe
16:30 Fishing Lines
16:44 Gold Mining
16:47 Fletching
16:45 Town Watch
18:54 Town Watch
20:51 Bow Saw
22:06 Wheelbarrow
22:20 Wheelbarrow
22:07 Fletching
24:27 Stone Mining
26:38 Bodkin Arrow
26:51 Town Watch
27:45 Gillnets
28:43 Horse Collar
30:47 Hand Cart
33:25 Imperial Age
31:11 Hand Cart
31:47 Town Patrol
31:49 Scale Mail Armor
34:17 Chain Mail Armor
34:13 Forging
34:01 Pikeman
34:42 Squires
35:22 Siege Engineers
34:58 Treadmill Crane
36:26 Halberdier
40:18 Plate Mail Armor
40:24 Iron Casting
adi.rathore
4:42 Loom
14:36 Feudal Age
18:20 Castle Age
17:13 Double-Bit Axe
18:43 Fletching
20:04 Horse Collar
24:02 Scale Mail Armor
25:50 Chain Mail Armor
28:45 Wheelbarrow
36:29 Imperial Age
Lynx
3:16 Loom
14:45 Feudal Age
18:37 Castle Age
23:59 Fishing Lines
28:08 Double-Bit Axe
29:28 Forging
30:17 Horse Collar
36:24 Pikeman
MAD
8:32 Loom
14:33 Feudal Age
18:36 Castle Age
16:30 Double-Bit Axe
18:13 Horse Collar
19:23 Bow Saw
20:43 Heavy Plow
26:04 Wheelbarrow
25:58 Gold Mining
25:59 Stone Mining
28:11 Stone Shaft Mining
28:15 Hand Cart
29:43 Gold Shaft Mining
31:03 Scale Barding Armor
31:09 Forging
34:07 Imperial Age
32:48 Chain Barding Armor
34:02 Iron Casting
34:04 Bloodlines
33:57 Husbandry
33:44 Cavalier
34:49 Conscription
36:28 Plate Barding Armor
35:51 Savar
37:36 Blast Furnace
37:47 Fletching
JokaDaJesta
3:35 Loom
13:41 Feudal Age
15:10 Double-Bit Axe
17:40 Castle Age
15:45 Horse Collar
19:20 Heavy Plow
20:10 Bow Saw
20:45 Wheelbarrow
21:48 Hand Cart
23:25 Gold Mining
23:45 Fletching
23:57 Town Watch
30:31 Imperial Age
28:49 Gold Shaft Mining
28:18 Bodkin Arrow
28:58 Pikeman
29:59 Scale Mail Armor
30:52 Stone Mining
31:43 Chain Mail Armor
Connection lost

Rejoining the realm…

Still unreachable

The connection could not be restored.

Session expired

The server has moved on; the page needs a fresh start.